 Dungeon Crawl Stone Soup version 0.31-a0-202-g547052bce9 (webtiles) character file.

Game seed: 15020749944957668771

19 qw the Shooter (level 2, 0/16 HPs)
             Began as a Deep Elf Hunter on June 26, 2023.
             Slain by a hobgoblin (2 damage)
             ... led by Robin
             ... on level 2 of the Dungeon.
             The game lasted 00:00:17 (984 turns).

qw the Shooter (Deep Elf Hunter)                     Turns: 984, Time: 00:00:18

Health: 0/16       AC:  3    Str:  8    XL:     2   Next: 55%
Magic:  4/4        EV: 12    Int: 13    God:
Gold:   61         SH:  0    Dex: 18    Spells: 1/1 levels left

rFire   . . .        Y - +0 shortbow (drain)
rCold   . . .        (shield currently unavailable)
rNeg    . . .        c - +0 leather armour
rPois   .            (no helmet)
rElec   .            (no cloak)
rCorr   .            (no gloves)
SInv    .            (no boots)
Will    .....        (no amulet)
Stlth   ++           (no ring)
HPRegen 0.22/turn    (no ring)
MPRegen 0.09/turn

%: no passive effects
@: no status effects
A: no striking features
a: no special abilities


You were on level 2 of the Dungeon.
You visited 1 branch of the dungeon, and saw 2 of its levels.

You collected 61 gold pieces.


   Skills:
 - Level 1.5 Fighting
 + Level 6.3 Ranged Weapons
 - Level 2.4 Dodging
 - Level 1.2 Stealth


You had one spell level left.
You didn't know any spells.
Your spell library was empty.

Inventory:

Hand Weapons
 Y - a +0 shortbow of draining (weapon)
Armour
 c - a +0 leather armour (worn)

Dungeon Overview and Level Annotations

Branches:
Dungeon (2/15)

Altars:

Annotations:
D:2 Robin


Message History

Press: ? - help, Dir - move target, f - you Are you sure you want to cancel this blink?
As you read the scroll labelled CIPEMO HOAHO, it crumbles to dust.
It was a scroll of blinking.
Done exploring.
951 ||| READING scroll labelled JAUM OTURYFROR.
As you read the scroll labelled JAUM OTURYFROR, it crumbles to dust.
It is a scroll of brand weapon.
Your +0 shortbow craves living souls!
Y - a +0 shortbow of draining (weapon)
Done exploring.
(D) Dungeon
Where to? (* - list waypoints, ? - help)
What level of the Dungeon? (default 1, ? - help)
There is a stone staircase leading down here.
You climb downwards.
The goblin shouts!
The hobgoblin shouts! x2; The goblin shouts! x2
Robin shouts!
The goblin shouts!
The hobgoblin shouts!
The goblin shouts!
The adder hisses angrily.
The hobgoblin shouts!
The goblin shouts!
The frilled lizard hisses angrily.
Found a scroll labelled SOWUGE EWAKKU and 10 gold pieces.
There is a stone staircase leading up here.
There are monsters nearby!
Waypoint 1 assigned to D:2.
You shoot an arrow.
The arrow hits the goblin but does no damage.
You drain the goblin.
You kill the goblin!
The hobgoblin barely misses you.
Robin roars a battlecry!
The goblins go into a battle-frenzy!
You shoot an arrow. The arrow hits the hobgoblin.
The hobgoblin is moderately wounded.
The hobgoblin hits you. The goblin hits you with a +0 dagger.
The goblin hits you but does no damage. The hobgoblin closely misses you.
984 ||| STAIRDANCE The ball python misses you. x2; The hobgoblin hits you.
The hobgoblin barely misses you. The goblin misses you.
The hobgoblin misses you.
The goblin hits you with a +3 dagger of speed.
The goblin hits you but does no damage. The hobgoblin hits you.
You die...

#.......#
#.......#
#.......###
#..........
#..........
#.Sl......#
#ggSg......
#gg@g.....#
#.ggg....?.
#..g......#
#.........#
#.........#
#..........
#####.##...
.# $..


You could see Robin, an adder, 4 hobgoblins, 5 goblins, a ball python and a
frilled lizard.

Vanquished Creatures
  4 goblins
  2 hobgoblins (D:1)
  A quokka (D:1)
  2 ball pythons (D:1)
  4 bats (D:1)
  3 kobolds (D:1)
  3 rats (D:1)
19 creatures vanquished.

Notes
Turn   | Place    | Note
-------+----------+-------------------------------------------
     0 | D:1      | qw the Deep Elf Hunter began the quest for the Orb.
     0 | D:1      | Reached XP level 1. HP: 12/12 MP: 3/3
     0 | D:1      | 0 ||| qw: Version: 0.3-a-22-g0ed2b0b
     0 | D:1      | 0 ||| qw: Game counter: 6096
     0 | D:1      | 0 ||| qw: Melee chars always use a shield: true
     0 | D:1      | 0 ||| qw: God list: Okawaru
     0 | D:1      | 0 ||| qw: Allow faded altars: false
     0 | D:1      | 0 ||| qw: Do Orc after clearing Dungeon:15 true
     0 | D:1      | 0 ||| qw: Do second Lair branch before Depths: true
     0 | D:1      | 0 ||| qw: Lair rune preference: random
     0 | D:1      | 0 ||| qw: Goals: Normal
     0 | D:1      | 0 ||| PLANNING D:1-11
   179 | D:1      | 179 ||| READING scroll labelled WURU GORHIMUU.
   180 | D:1      | 180 ||| DROPPING scroll of butterflies.
   370 | D:1      | Reached XP level 2. HP: 16/16 MP: 4/4
   382 | D:1      | Reached skill level 6 in Ranged Weapons
   949 | D:1      | 949 ||| READING scroll labelled DIKHLO UTUKHLAR.
   950 | D:1      | 950 ||| READING scroll labelled CIPEMO HOAHO.
   951 | D:1      | 951 ||| READING scroll labelled JAUM OTURYFROR.
   981 | D:2      | Noticed Robin
   984 | D:2      | 984 ||| STAIRDANCE
   984 | D:2      | HP: 2/16 [goblin/+3 dagger of speed[Robin] (6)]
   984 | D:2      | Slain by a hobgoblin

Levels and vault maps discovered:
D:1:      dpeg_arrival_tiny_h, layout_rooms, serial_co_window_serial,
          co_window_corner_a, co_window_paths_b, co_window_paths_b,
          co_window_corner_a, co_window_paths_a, co_window_paths_a,
          co_window_paths_b, co_window_broadway_a, co_window_unsneaky_path_b,
          co_window_2corner, co_window_2corner, co_window_cross_4,
          co_window_broadway_a, co_window_2corner, grunt_decor_cap
D:2:      layout_rooms, serial_shops, nicolae_shop_peninsula, uniq_sigmund,
          uniq_robin

Skill      XL: |  1  2 |
---------------+-------+-----
Ranged Weapons | 6 |  6.3
Fighting       | |  1.5
Dodging        | |  2.4
Stealth        | |  1.2

Action                     || total
---------------------------++-------
   Fire: Shortbow          ||    45
    Use: Scroll            ||     4
 Armour: Leather armour    ||     3
  Dodge: Dodged            ||    12

Table legend:
 A = Non-vault XP
 B = Vault XP
 C = Vault XP percentage of total XP
 D = Non-vault monster count
 E = Vault monster count
 F = Vault count percentage of total count
                 A         B        C        D         E       F
            +---------+---------+-------+---------+---------+-------
      Total |      27 |       1 |   3.6 |      18 |       1 |   5.3
            +---------+---------+-------+---------+---------+-------
        D:1 |      27 |       0 |   0.0 |      18 |       0 |   0.0
        D:2 |       0 |       1 | 100.0 |       0 |       1 | 100.0
            +---------+---------+-------+---------+---------+-------
